AoeStats
← RDA Ronan

African Clearing

504902230Analyzed
3v3 RM · 25d ago on Sep 7, 2026· 13m 28s· 6 players
Game mode
Random Map
Map size
Normal (6 player)
Population
200
Speed
Normal
Resources
Standard
Victory
Conquest
Starting age
Dark Age
Ending age
Imperial Age
RankedLock teamsTeams togetherTeam positionsShared explorationLock speedFull tech treeHidden civsTurbo modeCheats
Victory
Defeat
🇦🇷 Lithuanians · Argentina
1390
+12
🇦🇷 Turks · Argentina
1330
+14
🇦🇷 Jurchens · Argentina
1299
+15
🇦🇷 Byzantines · Argentina
1335
-16
🇦🇷 Portuguese · Argentina
1274
-13
🇦🇷 Chinese · Argentina
1253
-12
Gianncrack
9:51 Loom
12:44 Feudal Age
OPI Sonet
RDA Ronan
3:26 Loom
12:00 Feudal Age
DS_manu
6:02 Loom
12:45 Feudal Age
ElCid_Boomazo
8:11 Loom
10:35 Feudal Age
13:00 Double-Bit Axe
JLoops
11:13 Loom
12:58 Feudal Age
Connection lost

Rejoining the realm…

Still unreachable

The connection could not be restored.

Session expired

The server has moved on; the page needs a fresh start.